 Dungeon Crawl Stone Soup version 0.31-a0-523-g071a6c1ffa (webtiles) character file.

Game seed: 15088319801978066607

91 GordonOverkill the Sneak (level 4, 0/24 HPs)
             Began as a Vine Stalker Delver on Aug 10, 2023.
             Slain by a lemure (5 damage)
             ... led by Pikel
             ... on level 4 of the Dungeon.
             The game lasted 00:03:04 (600 turns).

GordonOverkill the Sneak (Vine Stalker Delver)       Turns: 600, Time: 00:03:04

Health: 0/24       AC:  3    Str: 22    XL:     4   Next: 59%
Magic:  0/5        EV: 12    Int: 10    God:
Gold:   43         SH:  0    Dex: 16    Spells: 3/3 levels left

rFire   . . .        a - +0 mace
rCold   . . .        (no shield)
rNeg    . . .        b - +0 leather armour
rPois   .            (no helmet)
rElec   .            (no cloak)
rCorr   .            (no gloves)
SInv    .            (no boots)
Will    .....        (no amulet)
Stlth   +++          h - +6 ring of strength
HPRegen 1.04/turn    (no ring)
MPRegen 0.09/turn

%: guardian spirit
@: no status effects
A: fangs 2, regeneration 1, magic shield, antimagic bite, no potion heal 2
a: no special abilities


You were on level 4 of the Dungeon.
You visited 2 branches of the dungeon, and saw 6 of its levels.

You collected 43 gold pieces.

Inventory:

Hand Weapons
 a - a +0 mace (weapon)
Armour
 b - a +0 leather armour (worn)
 k - a +0 plate armour
Jewellery
 h - a +6 ring of strength (left hand)
Wands
 g - a wand of digging (3)
 n - a wand of mindburst (11)
Scrolls
 c - a scroll of fog
 d - a scroll of revelation
 e - a scroll of fear
 i - 3 scrolls of vulnerability {unknown}
 j - 2 scrolls of amnesia {unknown}
 m - a scroll of enchant weapon {unknown}
Potions
 f - a potion of haste
 l - a potion of mutation {unknown}


   Skills:
 + Level 3.2 Fighting
 * Level 3.0 Maces & Flails
 - Level 1.5 Dodging
 - Level 6.0 Stealth
 * Level 2.1 Evocations


You had 3 spell levels left.
You didn't know any spells.
Your spell library contained the following spells:

 Spells                   Type           Power      Damage    Failure   Level
 Cigotuvi's Dreadful Rot  Necr/Pois/Air  0%         N/A       54%         2
 Ignite Poison            Fire/Tmut/Pois 0%         N/A       78%         3
 Freezing Cloud           Conj/Ice/Air   0%         6-21      100%        5


Dungeon Overview and Level Annotations

Branches:
Dungeon (8/15)             Temple (1/1) D:7
   Lair: D:8-11

Altars:
Cheibriados
Fedhas
Hepliaklqana
Kikubaaqudgha
Makhleb
Nemelex Xobeh
Qazlal
Sif Muna
Wu Jian
Yredelemnul
The Shining One

Annotations:
D:4 Pikel


Innate Abilities, Weirdness & Mutations

You have extremely sharp teeth.
Your natural rate of healing is unusually fast.
When hurt, damage is shared between your health and your magic reserves.
Your bite disrupts and absorbs the magic of your enemies.
Potions cannot restore your health.


Message History

You see here a quokka corpse.
The lemure attacks as you move away! The lemure closely misses you.
The lemure attacks as you move away! The lemure closely misses you.
The lemure closely misses you. The lemure attacks as you move away!
The lemure hits you but does no damage. The lemure attacks as you move away!
The lemure hits you. The lemure attacks as you move away!
The lemure completely misses you. The lemure attacks as you move away!
The lemure hits you. The lemure attacks as you move away! The lemure hits you.
The lemure attacks as you move away! The lemure hits you.
The lemure attacks as you move away! The lemure misses you.
An iguana comes into view.
The lemure hits you! The lemure attacks as you move away! The lemure hits you.
The lemure attacks as you move away! The lemure barely misses you.
The lemure attacks as you move away! The lemure hits you.
The iguana hisses angrily.
The lemure misses you.
You sock the iguana!
The iguana is moderately wounded.
The lemure hits you but does no damage. The iguana barely misses you.
The lemure attacks as you move away! The lemure hits you. The iguana bites you!
* * * LOW HITPOINT WARNING * * *
The iguana misses you. The lemure attacks as you move away!
The lemure hits you.
* * * LOW HITPOINT WARNING * * *
You open the door.
A ball python comes into view.
The lemure barely misses you. The iguana barely misses you.
The lemure attacks as you move away! The lemure hits you but does no damage.
There is an open door here.
The lemure attacks as you move away! The lemure hits you!
* * * LOW HITPOINT WARNING * * *
The ball python hisses angrily.
The ball python bites you.
* * * LOW HITPOINT WARNING * * *
The ball python grabs you. The ball python constricts you.
You escape the ball python's grasp.
The lemure attacks as you move away! The lemure hits you.
You die...

#........#
#######........#
#........#######
#........#
#........#
#......K.#
#.....55l#
#######5########
#..@.......
#.S........
#..........
#..........
##...######
#...# #....
#....


You could see Pikel, 3 lemures and a ball python.

Vanquished Creatures
  A lemure (D:5)
  A scorpion (D:5)
  A hound (D:5)
  An orc (D:7)
  A quokka (D:4)
  A kobold (D:4)
6 creatures vanquished.

Notes
Turn   | Place    | Note
-------+----------+-------------------------------------------
     0 | D:5      | GordonOverkill the Vine Stalker Delver began the quest for
                  | the Orb.
     0 | D:5      | Reached XP level 1. HP: 11/11 MP: 2/2
    12 | D:5      | Noticed a hound
    83 | D:7      | Noticed a steam dragon
   107 | D:7      | Noticed an orc priest
   144 | D:8      | Noticed a bullfrog
   159 | D:7      | Found a staircase to the Ecumenical Temple.
   167 | Temple   | Entered the Ecumenical Temple
   380 | D:7      | Noticed a howler monkey
   393 | D:6      | Noticed a gnoll bouda
   438 | D:5      | Killed a hound
   439 | D:5      | Reached skill level 1 in Evocations
   439 | D:5      | Reached XP level 2. HP: 10/16 MP: 3/3
   439 | D:5      | Reached XP level 3. HP: 13/20 MP: 4/4
   440 | D:5      | Noticed a scorpion
   493 | D:5      | Killed a scorpion
   494 | D:5      | Gained mutation: Your natural rate of healing is unusually
                  | fast. [Vine Stalker growth]
   494 | D:5      | Reached XP level 4. HP: 24/24 MP: 5/5
   512 | D:4      | Noticed a lemure
   515 | D:4      | Noticed a lemure
   541 | D:5      | Killed a lemure
   562 | D:4      | Noticed a lemure
   565 | D:4      | Noticed Pikel
   567 | D:4      | Noticed a lemure
   600 | D:4      | Slain by a lemure

Illustrated notes

Levels and vault maps discovered:
D:4:      layout_gridville, corner_web_ring, uniq_blork_the_orc, uniq_pikel,
          uniq_grinder, uniq_duvessa, uniq_sigmund
D:5:      layout_basic, zin_scriptorium, minmay_fractal_squares_gapless_5
D:6:      corexii_shantytown, layout_loops_ring, serial_shops, shop
D:7:      layout_basic, mainiacjoe_overflow_surrounded_room,
          minmay_temple_entry_tees, minmay_misc_feat_nine_boxes
D:8:      layout_loops_ring, due_lair_maze_entry_diamond, kennysheep_dice,
          uniq_jeremiah
Temple:   nicolae_temple_ecumenical_triangle

Skill      XL: |  1  2  3 |
---------------+----------+-----
Fighting       | 3 |  3.2
Maces & Flails | 2 3 |  3.0
Evocations     | 1 2 |  2.1
Dodging        | |  1.5
Stealth        | |  6.0

Action                     |  1- 3 |  4- 6 || total
---------------------------+-------+-------++-------
  Melee: Mace              |     3 |    17 ||    20
         Bite              |       |     5 ||     5
  Evoke: Wand              |     4 |       ||     4
   Stab: Sleeping          |     1 |       ||     1
 Armour: Leather armour    |       |     6 ||     6
  Dodge: Dodged            |       |    24 ||    24

Table legend: (Time is in decaauts)
 A = Elapsed time spent in this place.
 B = Non-inter-level travel time spent in this place.
 C = Inter-level travel time spent in this place.
 D = Time resting spent in this place.
 E = Time spent auto-exploring this place.
 F = Levels seen in this place.
 G = Mean time per level.
                   A        B        C        D        E       F      G
               +--------+--------+--------+--------+--------+-----+--------+
         Total |    606 |    581 |     25 |     66 |      1 |   6 |  101.0 |
       Dungeon |    604 |    579 |     25 |     66 |      1 |   5 |  120.8 |
        Temple |      1 |      1 |      0 |      0 |      0 |   1 |    1.0 |
               +--------+--------+--------+--------+--------+-----+--------+

Top non-repeatable levels by time:
     D:7: 309 daAuts
     D:5: 156 daAuts
     D:4: 77 daAuts
     D:6: 59 daAuts
     D:8: 1 daAuts
  Temple: 1 daAuts
